 Dungeon Crawl Stone Soup version 0.30-a0-571-gdf30a72648 (console) character file.

Game seed: 3622046472114406468

253091 jejorda2 the Phalangite (level 19, -6/153 HPs)
             Began as a Merfolk Berserker on Dec 29, 2022.
             Was a High Priest of Trog.
             Collided with a +0 broad axe of venom (17 damage)
             ... caused by a deep elf knight
             ... on level 2 of the Elven Halls.
             The game lasted 01:55:25 (43370 turns).

jejorda2 the Phalangite (Merfolk Berserker)        Turns: 43370, Time: 01:55:26

Health: -6/153     AC: 32    Str: 25    XL:     19   Next: 71%
Magic:  19/19      EV: 18    Int:  6    God:    Trog [*****.]
Gold:   2590       SH:  0    Dex: 14    Spells: 18/18 levels left

rFire   + + .      SeeInvis .    a - +3 bardiche (freeze)
rCold   + . .      Faith    +    (shield currently unavailable)
rNeg    . . .      Spirit   .    Z - +4 plate armour {rC+}
rPois   +          Reflect  .    W - +1 helmet of the Worm {rPois rF++}
rElec   .          Harm     .    k - +2 cloak
rCorr   .          Rampage  .    v - +2 pair of gloves
Will    ++++.                    n - +0 pair of boots Stlth
                                 t - amulet of faith
HPRegen 1.45/turn                q - ring of Uho Udux {rPois rC- Will+ EV+5 Slay+6}
MPRegen 0.16/turn                V - ring of protection from cold

@: strong-willed, on berserk cooldown, regenerating, slowed, very slow
A: (nimble swimmer 2), mertail
}: 2/15 runes: barnacled, gossamer
a: Renounce Religion, Berserk, Trog's Hand, Brothers in Arms


You were on level 2 of the Elven Halls.
You worshipped Trog.
Trog was extremely pleased with you.
You visited 6 branches of the dungeon, and saw 32 of its levels.
You also visited: Ossuary and Ice Cave.

You collected 3549 gold pieces.
You spent 959 gold pieces at shops.

Inventory:

Hand Weapons
 a - a +3 bardiche of freezing (weapon)
 b - a +5 antimagic halberd
 w - a +4 glaive of flaming
Missiles
 i - 17 javelins (quivered)
 s - 2 datura-tipped darts
 x - 34 boomerangs
 C - 42 poisoned darts
 M - a silver boomerang
 O - a curare-tipped dart
 R - 3 silver javelins
 U - 5 throwing nets
 Y - 3 boomerangs of dispersal
Armour
 k - a +2 cloak (worn)
 n - a +0 pair of boots (worn)
 v - a +2 pair of gloves (worn)
 W - the +1 helmet of the Worm (worn) {rPois rF++}
   (You bought it in a shop on level 15 of the Dungeon)

   rF:        It greatly protects you from fire.
   rPois:     It protects you from poison.
 Z - a +4 plate armour of cold resistance (worn)
Jewellery
 q - the ring of Uho Udux (left hand) {rPois rC- Will+ EV+5 Slay+6}
   (You found it on level 10 of the Dungeon)

   [ring of evasion]

   EV:        It affects your evasion (+5).
   Slay:      It affects your accuracy & damage with ranged weapons and melee
   (+6).
   rC:        It makes you vulnerable to cold.
   rPois:     It protects you from poison.
   Will:      It increases your willpower.
 t - an amulet of faith (around neck)
 P - a ring of flight
 V - a ring of protection from cold (right hand)
Wands
 l - a wand of roots (31)
 p - a wand of polymorph (3)
 D - a wand of digging (2)
 H - a wand of charming (24)
 L - a wand of acid (18)
 N - a wand of mindburst (18)
 T - a wand of flame (20)
Scrolls
 c - a scroll of enchant weapon
 g - 6 scrolls of fog
 m - 10 scrolls of teleportation
 u - 4 scrolls of fear
 y - 6 scrolls of magic mapping
 F - 4 scrolls of silence
 I - 5 scrolls of poison
 J - 2 scrolls of summoning
 S - 4 scrolls of immolation
Potions
 d - 6 potions of ambrosia
 e - 6 potions of heal wounds
 f - 20 potions of curing
 h - 6 potions of berserk rage
 j - a potion of resistance
 o - 8 potions of mutation
 r - 4 potions of might
 z - 5 potions of flight
 A - 4 potions of attraction
 E - 4 potions of invisibility
 X - 9 potions of haste
Miscellaneous
 K - a condenser vane


   Skills:
 + Level 14.6 Fighting
 + Level 24.1 Polearms
 + Level 16.0 Throwing
 + Level 14.3 Armour
 + Level 14.5 Dodging
 + Level 6.7 Evocations


You had 18 spell levels left.
You didn't know any spells.
Your spell library was empty.

Dungeon Overview and Level Annotations

Branches:
Dungeon (15/15)            Temple (0/1) D:7            Lair (5/5) D:10
 Shoals (4/4) Lair:3       Spider (4/4) Lair:3        Slime (0/5) Lair:5
    Orc (2/2) D:11            Elf (2/3) Orc:2        Vaults (0/5) D:13
 Depths (0/4) D:15        Ossuary (visited)           IceCv (visited)

Altars:
Ashenzari
Cheibriados
Fedhas
Kikubaaqudgha
Makhleb
Nemelex Xobeh
Sif Muna
Trog
Uskayaw
Vehumet
Wu Jian
Xom
Jiyva

Shops:
D:7 [   D:8 ?   D:15 [   Orc:1 *   Orc:2 *((!

Portals:
Trove: Elf:1 (give 16 scrolls of teleportation)

Annotations:
D:9 2 runed translucent doors, greasedhog's ghost, novice DjFi
Spider:2 1 runed translucent door, Pooter's ghost, adept MiBe


Innate Abilities, Weirdness & Mutations

((You are very nimble when in or above water. (Stealth+, EV+, Speed+++)))
Your lower body shifts to a powerful aquatic tail in water.


Message History

You feel yourself slow down.
The deep elf zephyrmancer hits you but does no damage.
Something hits you but does no damage.
You completely miss the deep elf zephyrmancer.
The deep elf zephyrmancer is almost dead.
A +2 heavy halberd comes into view.
The deep elf zephyrmancer gestures at you while chanting.
The bolt of lightning hits you!
* * * LOW HITPOINT WARNING * * *
Something barely misses you.
You slice the deep elf zephyrmancer!! You freeze the deep elf zephyrmancer.
You kill the deep elf zephyrmancer!
Trog accepts your kill.
Trog appreciates your killing of a magic user.
A +0 broad axe of venom comes into view.
You hear some strange, mumbled words.
A lance of force appears from out of thin air!
The lance of force misses you.
You closely miss something.
You hear some strange, mumbled words.
You barely miss something. Something hits you but does no damage.
You miss something. Something hits you.
* * * LOW HITPOINT WARNING * * *
Something hits you.
* * * LOW HITPOINT WARNING * * *
You slash something! You freeze something.
Something hits you but does no damage. The +2 heavy halberd barely misses you.
Something hits you but does no damage.
Your skin crawls.
You feel strong-willed.
The +0 broad axe of venom barely misses you.
The +2 heavy halberd hits you from afar!!
* * * LOW HITPOINT WARNING * * *
You hear some strange, mumbled words.
A lance of force appears from out of thin air!
The lance of force hits you!
* * * LOW HITPOINT WARNING * * *
You are knocked back by the lance of force.
You collide with the +0 broad axe of venom!
You die...

............#......##
............##......#
###############.....#
##.# ##.####.....##
#...##...##)....##
................##
...........))....##
.........○°#..7...#
#.......E.###)@..##
#......☼.## ##{)##
.....7°...###7).##
.....§{....#.....#
^.....7...........#
.................##
..7.............##
.7..............#
.................


You could see 2 dancing weapons.

Vanquished Creatures
  Jorgrun (Elf:2)
  Rupert (D:15)
  Gastronok (Lair:1)
  3 sphinxes (Shoals:4)
  Polyphemus (Shoals:3)
  The ghost of porpoise the Severer, an adept HOMo of Qazlal (D:13)
  A deep elf sorcerer (Elf:2)
  5 emperor scorpions (Spider:4)
  6 ghost moths
  A broodmother (Spider:3)
  A deep elf elementalist (Elf:2)
  A stone giant (Orc:2)
  3 deep elf demonologists
  Azrael (Spider:1)
  A dire elephant (D:15)
  A minotaur (Shoals:4)
  An entropy weaver (Spider:1)
  2 merfolk javelineers (Shoals:4)
  3 merfolk impalers
  6 hydras
  5 vault guards (D:13)
  2 catoblepae
  3 merfolk avatars
  11 satyrs
  2 radroaches
  2 jorogumos
  2 death knights (D:15)
  4 merfolk aquamancers
  17 two-headed ogres
  8 centaur warriors
  15 dancing weapons
  A deep troll shaman (Lair:5)
  3 alligator snapping turtles (Shoals:3)
  5 ogre magi
  A tengu warrior (D:14)
  7 boulder beetles
  9 death yaks
  4 deep elf knights (Elf:2)
  3 sun moths (Spider:4)
  6 pharaoh ants
  4 steelbarb worms
  5 sea snakes
  6 orb spiders
  A bog body (IceCv)
  2 deep trolls (Orc:2)
  9 deep elf archers
  4 orc knights
  16 deep elf zephyrmancers
  A wizard (D:14)
  Pikel (D:6)
  2 lindwurms (Lair:5)
  20 deep elf pyromancers
  16 ugly things
  A necromancer (IceCv)
  An orc sorcerer (Orc:2)
  13 harpies
  10 cyclopes
  23 wolf spiders
  20 manticores
  9 elephants
  A salamander (D:15)
  25 fauns
  7 water nymphs
  3 moths of wrath
  An eye of devastation (Lair:5)
  2 ice statues (IceCv)
  Joseph (Lair:1)
  3 black mambas
  6 merfolk sirens
  3 torpor snails
  A gargoyle (D:13)
  4 demonic crawlers
  5 cane toads
  An orange demon (D:11)
  5 rime drakes
  A kobold demonologist (D:11)
  7 komodo dragons
  An anaconda simulacrum (IceCv)
  2 freezing wraiths
  A yaktaur (D:14)
  4 ice devils (IceCv)
  12 trolls
  28 merfolk
  4 polar bears
  7 wind drakes
  7 meliai
  21 tarantellas
  2 hornets
  11 snapping turtles
  4 blink frogs (Lair:4)
  17 slime creatures
  6 dream sheep
  23 jumping spiders
  Sigmund (D:6)
  A shadow (D:11)
  A centaur simulacrum (D:14)
  2 air elementals (Elf:2)
  21 culicivoras
  7 dire elephant simulacra (IceCv)
  4 wyverns
  23 water elementals
  19 yaks
  6 humans (D:13)
  A wraith (D:12)
  7 basilisks
  4 fire elementals
  4 vampire mosquitoes (D:12)
  63 redbacks
  6 steam dragons
  6 wargs
  2 hydra simulacra (IceCv)
  Edmund (D:5)
  5 acid dragons
  11 water moccasins
  3 hell hounds (Spider:1)
  A floating eye (Lair:5)
  17 orc warriors
  4 ice beasts
  A hornet zombie (Ossuary)
  A sky beast (D:7)
  A black bear (shapeshifter) (D:14)
  2 black bears (Lair:5)
  17 ogres
  5 centaurs
  23 wolves
  4 phantoms
  3 lemures (D:6)
  A kobold brigand (D:8)
  7 bullfrogs
  A gnoll sergeant (D:10)
  3 wyvern zombies (Ossuary)
  A necrophage (D:5)
  2 scorpions
  A two-headed ogre simulacrum (IceCv)
  A water moccasin zombie (Ossuary)
  5 wights (D:10)
  2 elephant simulacra (IceCv)
  12 killer bees
  2 electric eels
  A howler monkey (D:8)
  4 quasits (D:11)
  3 bullfrog zombies (Ossuary)
  3 centaur zombies (Ossuary)
  3 hounds
  14 orc priests
  A gnoll bouda (D:7)
  12 mummies (Ossuary)
  2 iguanas (D:6)
  12 orc wizards
  6 hell rats (Lair:4)
  2 spriggan simulacra (IceCv)
  A troll simulacrum (IceCv)
  2 killer bee zombies (Ossuary)
  2 ogre zombies (D:11)
  A howler monkey zombie (Ossuary)
  8 gnolls
  A naga simulacrum (IceCv)
  3 adders
  A shadow imp (D:6)
  13 white imps
  2 worms
  5 dart slugs
  52 orcs
  9 bats
  2 endoplasms
  2 giant cockroaches
  13 goblins
  10 hobgoblins
  3 quokkas
  7 ball pythons
  2 frilled lizards
  A goblin zombie (D:11)
  A hobgoblin zombie (D:11)
  15 kobolds
  An orc skeleton (D:11)
  12 orc zombies (D:11)
  3 rats
1091 creatures vanquished.

Vanquished Creatures (collateral kills)
  An emperor scorpion (Spider:4)
  A radroach (Spider:4)
  A satyr (Shoals:4)
  An orb spider (Spider:4)
  A wolf spider (Spider:4)
  4 fauns
  3 elephants (Lair:5)
  A merfolk siren (Shoals:1)
  2 demonic crawlers (Spider:4)
  A kobold demonologist (D:11)
  A troll (Orc:2)
  A tarantella (Spider:4)
  A jumping spider (Spider:4)
  A culicivora (Spider:4)
  A steam dragon (Shoals:1)
  5 redbacks
  An ogre (Orc:2)
  A phantom (D:11)
  3 kobold brigands (D:11)
  A troll zombie (D:11)
  An orc priest (D:11)
  3 ogre zombies (D:11)
  A goblin zombie (D:11)
  An orc skeleton (D:11)
  2 orc zombies (D:11)
40 creatures vanquished.

Vanquished Creatures (others)
  A deep elf knight (Elf:2)
  A human (D:13)
  2 ogres (Orc:2)
  An orc wizard (Orc:2)
  7 fungi
  21 plants
  4 withered plants
37 creatures vanquished.

Grand Total: 1168 creatures vanquished

Notes
Turn   | Place    | Note
-------+----------+-------------------------------------------
     0 | D:1      | jejorda2 the Merfolk Berserker began the quest for the Orb.
     0 | D:1      | Reached XP level 1. HP: 18/18 MP: 1/1
   172 | D:1      | Reached XP level 2. HP: 24/24 MP: 2/2
   725 | D:1      | Reached XP level 3. HP: 29/29 MP: 3/3
   769 | D:1      | Reached ** piety under Trog
   908 | D:2      | Identified the +2 ring mail of Rich {*Corrode rN++ Regen+
                  | Stlth+}
  1001 | D:2      | Reached skill level 5 in Polearms
  1149 | D:2      | Found a shimmering blue altar of Sif Muna.
  1440 | D:2      | Reached XP level 4. HP: 35/37 MP: 4/4
  2443 | D:4      | Noticed a scorpion
  2458 | D:4      | Killed a scorpion
  2459 | D:4      | Reached skill level 6 in Polearms
  2459 | D:4      | Reached XP level 5. HP: 43/43 MP: 5/5
  2579 | D:4      | Noticed an ogre
  2587 | D:4      | Killed an ogre
  2588 | D:4      | Reached XP level 6. HP: 49/49 MP: 6/6
  2933 | D:4      | Reached skill level 7 in Polearms
  3368 | D:4      | Found a sparkling altar of Nemelex Xobeh.
  3369 | D:4      | Found a snail-covered altar of Cheibriados.
  3419 | D:5      | Entered Level 5 of the Dungeon
  3419 | D:5      | Noticed Edmund
  3429 | D:5      | Killed Edmund
  3430 | D:5      | Reached skill level 5 in Dodging
  3509 | D:5      | Reached skill level 5 in Fighting
  3594 | D:5      | Reached XP level 7. HP: 55/56 MP: 7/7
  3819 | D:5      | Reached *** piety under Trog
  3820 | D:5      | Reached skill level 8 in Polearms
  3853 | D:5      | Found a burning altar of Makhleb.
  3896 | D:4      | Found an ornate altar of the Wu Jian Council.
  3939 | D:6      | Noticed Sigmund
  3951 | D:6      | Killed Sigmund
  4032 | D:6      | Found a hide-covered altar of Uskayaw.
  4074 | D:6      | Found a blossoming altar of Fedhas.
  4115 | D:6      | Reached skill level 9 in Polearms
  4184 | D:6      | Noticed a troll
  4188 | D:6      | Reached XP level 8. HP: 64/64 MP: 8/8
  4192 | D:6      | Killed a troll
  4193 | D:6      | Reached skill level 10 in Polearms
  4315 | D:6      | Noticed Pikel
  4351 | D:6      | Killed Pikel
  4352 | D:6      | Reached skill level 12 in Polearms
  4441 | D:6      | Reached XP level 9. HP: 21/69 MP: 9/9
  4575 | D:6      | Reached skill level 13 in Polearms
  5090 | D:7      | Found Galito's Antique Armour Boutique.
  5204 | D:7      | Bought a glowing scarf for 184 gold pieces
  5277 | D:7      | Noticed a hornet
  5286 | D:7      | Paralysed by a hornet for 2 turns
  5290 | D:7      | Killed a hornet
  5512 | D:7      | Reached skill level 14 in Polearms
  5635 | D:7      | Found a staircase to the Ecumenical Temple.
  6198 | D:7      | Found a radiant altar of Vehumet.
  6379 | D:7      | Reached skill level 15 in Polearms
  6472 | D:7      | Found a shimmering altar of Xom.
  6762 | D:8      | Found a sand-covered staircase.
  6768 | Ossuary  | Entered an ossuary
  6813 | Ossuary  | Reached **** piety under Trog
  6831 | Ossuary  | Reached skill level 16 in Polearms
  6847 | Ossuary  | Reached XP level 10. HP: 74/76 MP: 10/10
  7285 | D:8      | Found Uriaj's Magic Scroll Emporium.
  7325 | D:8      | Bought a scroll of summoning for 123 gold pieces
  7382 | D:8      | Reached skill level 17 in Polearms
  7454 | D:8      | Identified the +8 hand axe "Vetuqile" {freeze, Dex+4}
  7690 | D:8      | Found a broken altar of Ashenzari.
  7699 | D:8      | Found a bloodstained altar of Trog.
  8149 | D:9      | Found an ancient bone altar of Kikubaaqudgha.
  8413 | D:9      | Found a large runed translucent door.
  8414 | D:9      | Found a large runed translucent door.
  8416 | D:9      | Noticed greasedhog's ghost (novice DjFi)
  8430 | D:10     | Entered Level 10 of the Dungeon
  8462 | D:10     | Reached ***** piety under Trog
  8543 | D:7      | Bought a glowing scale mail for 161 gold pieces
  8988 | D:10     | Paralysed by a hornet for 2 turns
  9095 | D:10     | Reached XP level 11. HP: 84/84 MP: 11/11
  9150 | D:10     | Identified the ring of Uho Udux {rPois rC- Will+ EV+5
                  | Slay+6}
  9492 | D:10     | Found a staircase to the Lair.
  9520 | D:10     | You fall into a shaft and drop 2 floors!
  9562 | D:12     | Reached skill level 5 in Armour
  9572 | D:12     | Reached skill level 18 in Polearms
  9654 | D:12     | Noticed a cyclops
  9660 | D:12     | Killed a cyclops
  9760 | D:12     | Noticed a white ugly thing
  9772 | D:12     | Killed a white ugly thing
  9913 | D:12     | Noticed a cyclops
  9924 | D:12     | Killed a cyclops
 10072 | D:12     | Noticed a two-headed ogre
 10072 | D:12     | Noticed a two-headed ogre
 10072 | D:12     | Noticed a two-headed ogre
 10073 | D:12     | Noticed a two-headed ogre
 10081 | D:12     | Killed a two-headed ogre
 10083 | D:12     | Noticed a two-headed ogre
 10085 | D:12     | Noticed an ogre mage
 10086 | D:12     | Killed a two-headed ogre
 10090 | D:12     | Killed a two-headed ogre
 10093 | D:12     | Killed a two-headed ogre
 10103 | D:12     | Noticed a brown ugly thing
 10105 | D:12     | Killed a two-headed ogre
 10112 | D:12     | Killed an ogre mage
 10113 | D:12     | Reached XP level 12. HP: 91/92 MP: 12/12
 10207 | D:12     | Reached skill level 19 in Polearms
 10468 | D:11     | Found a staircase to the Orcish Mines.
 10510 | D:11     | Found a frozen archway.
 10530 | D:11     | Received a gift from Trog
 10568 | IceCv    | Entered an ice cave
 10682 | IceCv    | Reached skill level 1 in Evocations
 10687 | IceCv    | Reached skill level 1 in Throwing
 11255 | IceCv    | Reached skill level 20 in Polearms
 11632 | D:11     | Noticed a two-headed ogre
 11637 | D:11     | Killed a two-headed ogre
 12840 | Lair:1   | Entered Level 1 of the Lair of Beasts
 12886 | Lair:1   | Noticed Gastronok
 12902 | Lair:1   | Killed Gastronok
 12902 | Lair:1   | Received a gift from Trog
 12903 | Lair:1   | Reached skill level 5 in Throwing
 12903 | Lair:1   | Reached skill level 5 in Evocations
 12903 | Lair:1   | Reached XP level 13. HP: 94/98 MP: 13/13
 13424 | Lair:1   | Noticed Joseph
 13436 | Lair:1   | Killed Joseph
 15673 | Lair:3   | Found a hole to the Spider Nest.
 15990 | Lair:3   | Found a staircase to the Shoals.
 16543 | Lair:4   | Identified the +1 leather armour "Wynivoeg" {Rampage rC+
                  | Int+4}
 17047 | Lair:5   | Entered Level 5 of the Lair of Beasts
 17252 | Lair:5   | Reached skill level 10 in Fighting
 17321 | Lair:5   | Found a viscous altar of Jiyva.
 17321 | Lair:5   | Found a staircase to the Slime Pits.
 17324 | Lair:5   | Paralysed by a floating eye for 4 turns
 17371 | Lair:5   | Reached skill level 10 in Throwing
 17371 | Lair:5   | Reached XP level 14. HP: 106/110 MP: 14/14
 17427 | Lair:5   | Reached ****** piety under Trog
 18725 | D:13     | Identified the +6 short sword of Trog's Pride {antimagic,
                  | Str+6 Int-3} (Trog gifted it to you on level 13 of the
                  | Dungeon)
 18725 | D:13     | Received a gift from Trog
 19317 | D:13     | Found a runed translucent door.
 19317 | D:13     | Noticed porpoise's ghost (adept HOMo)
 19817 | D:13     | Found a gate to the Vaults.
 19904 | D:13     | Killed porpoise's ghost
 20165 | D:14     | Identified the amulet of Plog {Regen+ MP+9 Slay+2}
 20479 | D:14     | Identified the +8 flail of Vanity {spect, *Slow +Blink rC++
                  | Stlth-}
 20509 | D:14     | Reached XP level 15. HP: 120/120 MP: 15/15
 20845 | D:14     | Found the +7 mace of Variability {chain chaos}
 21283 | D:14     | Received a gift from Trog
 21589 | D:15     | Entered Level 15 of the Dungeon
 21927 | D:15     | Reached skill level 10 in Armour
 21968 | D:15     | Found Utwal's Antique Armour Boutique.
 21980 | D:15     | Bought an ancient helmet for 351 gold pieces
 21980 | D:15     | Identified the +1 helmet of the Worm {rPois rF++} (You
                  | bought it in a shop on level 15 of the Dungeon)
 22031 | D:15     | Noticed Rupert
 22046 | D:15     | Killed Rupert
 22196 | D:15     | Reached skill level 10 in Dodging
 22688 | D:15     | Found a staircase to the Depths.
 23028 | Orc:1    | Entered Level 1 of the Orcish Mines
 23152 | Orc:1    | Received a gift from Trog
 23193 | Orc:1    | Found Vyutta's Overcharged Wands.
 23450 | Orc:2    | Entered Level 2 of the Orcish Mines
 23450 | Orc:2    | Found a staircase to the Elven Halls.
 23994 | Orc:2    | Found Datiot's Distillery.
 23999 | Orc:2    | Reached XP level 16. HP: 131/131 MP: 16/16
 24230 | Orc:2    | Found Hypn's Weapon Shop.
 24279 | Orc:2    | Found Vimoxt's Weapon Shoppe.
 24290 | Orc:2    | Bought a potion of resistance for 140 gold pieces
 24293 | Orc:2    | Found Uditar's General Store.
 24806 | Spider:1 | Entered Level 1 of the Spider Nest
 24835 | Spider:1 | Received a gift from Trog
 25871 | Spider:1 | Noticed Azrael
 25900 | Spider:1 | Killed Azrael
 26508 | Spider:1 | Received a gift from Trog
 26948 | Spider:2 | You fall into a shaft and drop 1 floor!
 28103 | Spider:2 | Found a runed translucent door.
 28104 | Spider:2 | Noticed Pooter's ghost (adept MiBe)
 28537 | Spider:3 | Paralysed by a jorogumo for 2 turns
 28615 | Spider:3 | Received a gift from Trog
 29319 | Spider:3 | Reached XP level 17. HP: 136/139 MP: 17/17
 30468 | Spider:4 | Entered Level 4 of the Spider Nest
 31333 | Spider:4 | Received a gift from Trog
 32815 | Spider:4 | Got a gossamer rune of Zot
 32820 | Spider:4 | Identified the +0 hat of the Grue {rC- Int+7}
 33046 | Spider:4 | Identified the +0 pair of gloves of Makhleb's Castigation
                  | {Will+ Dex-3 Stlth+}
 33193 | Shoals:1 | Entered Level 1 of the Shoals
 33354 | Shoals:1 | Reached skill level 21 in Polearms
 33541 | Shoals:1 | Received a gift from Trog
 34344 | Shoals:2 | Found a transporter.
 34370 | Shoals:2 | Found a transporter.
 34373 | Shoals:2 | Found a transporter.
 34402 | Shoals:2 | Reached XP level 18. HP: 69/146 MP: 18/18
 34613 | Shoals:2 | Identified the +4 dagger of Indomitability {chaos, rC+
                  | Dex+3}
 35006 | Shoals:2 | Received a gift from Trog
 35258 | Shoals:2 | Found a transporter.
 35259 | Shoals:2 | Found a transporter.
 35334 | Shoals:2 | Found a transporter.
 35884 | Shoals:3 | Noticed Polyphemus
 36140 | Shoals:3 | Reached skill level 22 in Polearms
 36310 | Shoals:3 | Received a gift from Trog
 36552 | Shoals:3 | Killed Polyphemus
 37542 | Shoals:4 | Entered Level 4 of the Shoals
 38398 | Shoals:4 | Reached skill level 15 in Throwing
 38410 | Shoals:4 | Received a gift from Trog
 38871 | Shoals:4 | Reached skill level 23 in Polearms
 39487 | Shoals:4 | Reached XP level 19. HP: 124/152 MP: 19/19
 39812 | Shoals:4 | Identified the +10 hand axe "Toamawoo" {heavy, rElec rF+++
                  | rC- Dex-5}
 39814 | Shoals:4 | Got a barnacled rune of Zot
 40859 | Elf:1    | Entered Level 1 of the Elven Halls
 41048 | Elf:1    | Received a gift from Trog
 41791 | Elf:1    | Found a portal to a secret trove of treasure.
 41969 | Elf:2    | Reached skill level 24 in Polearms
 41973 | Elf:2    | Noticed Jorgrun
 42309 | Elf:2    | Killed Jorgrun
 42545 | Elf:2    | Received a gift from Trog
 42675 | Elf:2    | Paralysed by an air elemental for 1 turns
 42678 | Elf:2    | Paralysed by an air elemental for 1 turns
 42790 | Elf:2    | Paralysed by an air elemental for 1 turns
 42934 | Elf:2    | Found a huge runed translucent gate.
 42934 | Elf:2    | Found a huge runed translucent gate.
 42934 | Elf:2    | Found a huge runed translucent gate.
 42934 | Elf:2    | Found a huge runed translucent gate.
 42939 | Elf:2    | Found a huge runed translucent gate.
 43370 | Elf:2    | Collided with a +0 broad axe of venom

Illustrated notes

Levels and vault maps discovered:
D:1:      zaba_arrival_water, layout_basic, serial_bayou_pond_d
D:2:      layout_loops_ring, basic_altar
D:3:      layout_loops_ring, minmay_bisected
D:4:      layout_basic, nicolae_overflow_hidden_temple
D:5:      layout_basic, bloody_makhleb, uniq_edmund
D:6:      layout_cave_pools, mainiacjoe_overflow_catwalk_spiral, uniq_sigmund,
          uniq_pikel
D:7:      layout_layer_cave, mainiacjoe_overflow_surrounded_room,
          marbit_many_paths, minmay_temple_entry_glass, serial_shops, shop,
          eino_jars
D:8:      layout_rooms, mainiacjoe_overflow_swirl, enter_ossuary_1,
          serial_shops, nicolae_shop_advertising_works
          [nicolae_subvault_shop_adworks]
D:9:      layout_gridville, mainiacjoe_overflow_tiny_flanked,
          ebering_ghost_disaster_area
D:10:     layout_cave_pods, erik_lair_dragon
D:11:     layout_rooms, zombieorc1_lemuel, portal_ice_cave_entry_imps,
          serial_demonic, serial_demonic_e, serial_demonic_b, serial_demonic_a,
          serial_demonic_a
D:12:     layout_irregular_city, chequers_serial_rivers_micro_c
D:13:     layout_basic, ximxim_vaults_locker_room, ebering_ghost_inner_flame,
          serial_ice, serial_ice_a, serial_ice_m, serial_ice_f, serial_ice_e,
          lemuel_old_faithful
D:14:     layout_basic, minmay_hollow_rounded_squares
D:15:     hangedman_depths_entry_try_elsewhere_first, layout_basic,
          serial_shops, shop, st_stairs_4, hangedman_abyss_or_decor_lesser_grid,
          uniq_rupert
Lair:1:   layout_layer_cave, chequers_serial_rivers_large_a, minivault_27,
          lemuel_fruit_tree, uniq_joseph, uniq_gastronok
Lair:2:   layout_cave_pods, minmay_holes, nicolae_lair_run_with_the_wolves
Lair:3:   layout_regular_city, minmay_shoals_entry_lonely_mermaid,
          spider_nest_entry_rubble, patterned_corridor
Lair:4:   layout_loops_ring, st_stairs_13, serial_bayou_shore_a,
          infiniplex_staircase_pool, serial_bayou_shore_b
Lair:5:   grunt_lair_end_beastmaster, layout_cave_pods, minmay_slime_entry_eyes
Shoals:1: layout_shoals, nicolae_shoals_drake_roost
Shoals:2: layout_shoals, serial_nicolae_subway, nicolae_sub_station_stone,
          nicolae_sub_station_crystal, nicolae_sub_station_metal
Shoals:3: layout_shoals, uniq_polyphemus
Shoals:4: shoals_end_hellmonk_lost_city, serial_shops
Spider:1: layout_spider_delve, uniq_azrael
Spider:2: layout_cave_pods, gammafunk_ghost_grave, drop_trap
Spider:3: layout_cave_pods, nicolae_spider_eight_legs
Spider:4: grunt_spider_rune_circles, special_room, hellmonk_motheaten_closet
Orc:1:    layout_diamond_mine, nicolae_shop_overcharged_wands
Orc:2:    st_orc_open, layout_diamond_mine
Elf:1:    eino_elf_arrival_shootout, layout_gridlike, enter_trove_3,
          minmay_elf_demonology, dreamdust_mushroom_princess, minivault_25,
          st_stairs_1
Elf:2:    elven_hall_of_blades_hangedman_alternative [grunt_blade_entry_basic],
          layout_loops_ring, st_stairs_14, nicolae_fountain_basement,
          uniq_jorgrun

Skill      XL: |  1  2  3  4  5  6  7  8  9 10 11 12 13 14 15 16 17 18 19 |
---------------+----------------------------------------------------------+-----
Dodging        | 3 4 5 6 8 10 13 14 | 14.5
Polearms       | 5 6 7 9 12 16 17 18 20 21 23 24 | 24.1
Fighting       | 4 5 6 7 8 10 11 13 14 | 14.6
Armour         | 4 7 8 9 11 12 13 14 | 14.3
Evocations     | 5 6 |  6.7
Throwing       | 5 10 12 13 15 16 | 16.0

Action                   |  1- 3 |  4- 6 |  7- 9 | 10-12 | 13-15 | 16-18 | 19-21 || total
-------------------------+-------+-------+-------+-------+-------+-------+-------++-------
Melee: Spear             |   123 |   180 |    33 |       |       |       |       ||   336
       Punch             |       |     1 |     1 |       |       |       |       ||     2
       Halberd           |       |       |   255 |   382 |       |       |    14 ||   651
       Tailslap          |       |       |       |     1 |    11 |    26 |     1 ||    39
       Glaive            |       |       |       |   149 |   808 |  1275 |    40 ||  2272
       Bardiche          |       |       |       |       |       |       |   246 ||   246
Throw: Stone             |       |     6 |     3 |     8 |       |       |       ||    17
       Javelin           |       |       |       |     5 |    23 |     4 |     5 ||    37
       Boomerang         |       |       |       |     2 |       |    87 |    13 ||   102
       Dart              |       |       |       |       |    28 |   168 |       ||   196
Invok: Berserk           |     1 |     4 |     5 |    17 |    11 |    11 |     4 ||    53
       Trog's Hand       |       |       |     2 |     5 |    10 |     8 |     4 ||    29
       Brothers in Arms  |       |       |       |     1 |     2 |     5 |       ||     8
Evoke: Wand              |       |       |       |     1 |     2 |     2 |       ||     5
       Condenser vane    |       |       |       |       |     3 |     2 |       ||     5
  Use: Scroll            |       |       |    19 |     7 |     4 |     8 |     1 ||    39
       Potion            |       |       |       |       |       |     4 |     3 ||     7
 Stab: Sleeping          |     3 |     1 |       |       |       |       |       ||     4
       Confused          |       |       |       |       |     1 |       |       ||     1
       Distracted        |       |       |       |       |       |     2 |       ||     2
       Invisible         |       |       |       |       |       |       |     2 ||     2
Armor: Animal skin       |     4 |       |       |       |       |       |       ||     4
       Ring mail         |     6 |    14 |       |       |       |       |       ||    20
       Chain mail        |       |    24 |   102 |    51 |    58 |   456 |       ||   691
       Scale mail        |       |       |       |    57 |    96 |       |       ||   153
       Plate armour      |       |       |       |       |    89 |    21 |   147 ||   257
Dodge: Dodged            |    38 |    53 |    87 |   164 |   419 |   895 |   171 ||  1827

Table legend: (Time is in decaauts)
 A = Elapsed time spent in this place.
 B = Non-inter-level travel time spent in this place.
 C = Inter-level travel time spent in this place.
 D = Time resting spent in this place.
 E = Time spent auto-exploring this place.
 F = Levels seen in this place.
 G = Mean time per level.
                   A        B        C        D        E       F      G
               +--------+--------+--------+--------+--------+-----+--------+
         Total |  42039 |  39192 |   2847 |   8146 |  24935 |  34 | 1236.4 |
       Dungeon |  16405 |  14779 |   1626 |   2146 |  10310 |  15 | 1093.7 |
          Lair |   6069 |   5577 |    492 |    457 |   4541 |   5 | 1213.8 |
        Shoals |   6090 |   5854 |    236 |   1843 |   2941 |   4 | 1522.5 |
   Spider Nest |   8208 |   7836 |    372 |   2890 |   3850 |   4 | 2052.0 |
  Orcish Mines |   1584 |   1487 |     97 |     95 |   1135 |   2 |  792.0 |
   Elven Halls |   2448 |   2427 |     21 |    424 |   1562 |   2 | 1224.0 |
       Ossuary |    341 |    341 |      0 |     13 |    178 |   1 |  341.0 |
      Ice Cave |    892 |    892 |      0 |    276 |    416 |   1 |  892.0 |
               +--------+--------+--------+--------+--------+-----+--------+

Top non-repeatable levels by time:
Spider:3: 2766 daAuts
Shoals:4: 2123 daAuts
Spider:1: 2112 daAuts
Spider:4: 2044 daAuts
    D:10: 1974 daAuts
     D:7: 1746 daAuts
    D:14: 1645 daAuts
Shoals:2: 1623 daAuts
  Lair:1: 1620 daAuts
  Lair:5: 1455 daAuts
   Elf:1: 1454 daAuts
    D:13: 1419 daAuts
  Lair:3: 1290 daAuts
Shoals:3: 1288 daAuts
Spider:2: 1284 daAuts
